 Dungeon Crawl Stone Soup version 0.24-a0-205-g1d96822 (webtiles) character file.

Game seed: 3125824078760128935

172 Ijustatesigmund the Cudgeler (level 5, -3/36 HPs)
             Began as an Octopode Monk on Mar 28, 2019.
             Slain by a sky beast (5 damage)
             ... on level 3 of the Dungeon.
             The game lasted 00:05:45 (3031 turns).

Ijustatesigmund the Cudgeler (Octopode Monk)        Turns: 3031, Time: 00:05:45

Health: -3/36      AC:  1    Str:  9 (10) XL:     5   Next: 53%
Magic:  5/5        EV: 14    Int: 11 (12) God:
Gold:   174        SH:  0    Dex: 15 (16) Spells: 4/4 levels left

rFire    . . .     SeeInvis .   a - +2 mace
rCold    . . .     Gourm    .   (no shield)
rNeg     . . .     Faith    .   (helmet restricted)
rPois    +         Spirit   .   (no amulet)
rElec    .         Reflect  .   f - ring of poison resistance
rCorr    .         Harm     .   (no ring)
MR       .....                  (no ring)
Stlth    ++++......             (no ring)
HPRegen  0.12/turn              (no ring)
MPRegen  0.09/turn              (no ring)
                                (no ring)
                                (no ring)

@: no status effects
A: almost no armour, stealthy swim, amphibious, 8 rings, constrict 8, camouflage
1, gelatinous body 1
a: no special abilities


You were on level 3 of the Dungeon.
You were not hungry.

You visited 1 branch of the dungeon, and saw 4 of its levels.

You collected 174 gold pieces.

Inventory:

Hand Weapons
 a - a +2 mace (weapon)
Jewellery
 f - a ring of poison resistance (left tentacle)
Wands
 b - a wand of iceblast (5)
Scrolls
 c - a scroll of random uselessness {unknown}
 d - 3 scrolls of magic mapping
 e - a scroll of remove curse {unknown}
 g - a scroll of identify {unknown}
 h - a scroll of blinking
 j - a scroll of amnesia
Comestibles
 i - a ration


   Skills:
 - Level 3.0 Fighting
 * Level 5.2 Maces & Flails
 - Level 3.0 Dodging
 + Level 5.0 Stealth


You had 4 spell levels left.
You didn't know any spells.
Your spell library was empty.

Dungeon Overview and Level Annotations

Branches:
Dungeon (4/15)
 Temple: D:4-7

Altars:
Qazlal
Uskayaw


Innate Abilities, Weirdness & Mutations

You cannot wear most types of armour.
You are very stealthy in the water. (Stealth+)
You are amphibious.
You can wear up to eight rings at the same time.
You can use your tentacles to constrict eight enemies at once.
Your skin changes colour to match your surroundings (Stealth+).
Your rubbery body absorbs attacks. (AC +1, EV +1)


Message History

You closely miss the sky beast. You squeeze the sky beast.
The sky beast is heavily wounded.
The sky beast hits you. The sky beast shocks you. The sky beast hits you.
The sky beast shocks you.
You closely miss the sky beast. Your squeeze misses the sky beast.
The sky beast is heavily wounded.
The sky beast barely misses you.
You barely miss the sky beast.
The sky beast is heavily wounded.
The sky beast hits you. The sky beast shocks you.
You hit the sky beast.
The sky beast is heavily wounded.
The sky beast flickers out of sight!
Deactivating autopickup; reactivate with Ctrl-A.
Something hits you. Something shocks you.
* * * LOW HITPOINT WARNING * * *
You closely miss something. Something hits you.
* * * LOW HITPOINT WARNING * * *
Something shocks you.
You die...

#.# #.# ## #.# #.# .(#
..#.# #.# #.# #.#.#
#.####.#.# ##.#.#
#........# .....## #..#
#.# #.....## ##..# #.#
#>....)###<..###{##
....†...........@.#
#.......#..#.##........#
#.....#.#..#.##.#.####..
.....##.#....... ..
....###....#g##. .##
....###.#..#.... .#
.......g........ .#
...........####. .#
.######..#.###


There were no monsters in sight!

Vanquished Creatures
  A bullfrog zombie (D:3)
  Ijyb (D:3)
  4 gnolls (D:2)
  An adder (D:2)
  A dart slug (D:2)
  3 leopard geckos (D:1)
  An orc (D:3)
  3 ball pythons (D:1)
  5 giant cockroaches
  7 goblins
  10 hobgoblins
  3 jackals (D:1)
  7 kobolds
  6 bats
  3 frilled lizards
  4 rats (D:1)
60 creatures vanquished.

Vanquished Creatures (others)
  5 toadstools (D:1)
5 creatures vanquished.

Grand Total: 65 creatures vanquished

Notes
Turn   | Place    | Note
-------+----------+-------------------------------------------
     0 | D:1      | Ijustatesigmund the Octopode Monk began the quest for the
                  | Orb.
     0 | D:1      | Reached XP level 1. HP: 16/16 MP: 1/1
   569 | D:1      | Reached XP level 2. HP: 21/21 MP: 2/2
   837 | D:1      | Reached XP level 3. HP: 26/26 MP: 3/3
  1519 | D:2      | Found a hide-covered altar of Uskayaw.
  1532 | D:2      | Reached XP level 4. HP: 31/31 MP: 4/4
  2034 | D:3      | Noticed Ijyb
  2075 | D:3      | HP: 1/31 [Ijyb (1)]
  2076 | D:3      | Killed Ijyb
  2076 | D:3      | Reached skill level 5 in Maces & Flails
  2076 | D:3      | Reached XP level 5. HP: 1/36 MP: 5/5
  2910 | D:2      | Found a stormy altar of Qazlal.
  2987 | D:2      | Reached skill level 5 in Stealth
  3016 | D:2      | You fall through a shaft for 2 floors!
  3024 | D:3      | Noticed a sky beast
  3031 | D:3      | Slain by a sky beast

Levels and vault maps discovered:
D:1:      nagdon_arrival_zigzag_paths, layout_basic, minmay_gold_behind_fungi,
          hangedman_abyss_or_decor_lesser_grid, minmay_shallow_snake_nest
D:2:      layout_basic, nicolae_qazlal_eye_of_the_storm, old_standard_altar
D:3:      layout_loops_ring, nicolae_overflow_crystal_walls, first_ration,
          minmay_fractal_squares_5, uniq_ijyb
D:4:      layout_loops_cross, makhleb_heckhound_becter,
          chequers_serial_rivers_micro_e

Skill      XL: |  1  2  3  4  5 |
---------------+----------------+-----
Stealth        | 3 4 5 |  5.0
Maces & Flails | 4 5 |  5.2
Fighting       | |  3.0
Dodging        | |  3.0

Action                   |  1- 3 |  4- 6 || total
-------------------------+-------+-------++-------
Melee: Mace              |    79 |    67 ||   146
       Constrict         |    24 |    14 ||    38
       Tentacles         |    14 |    15 ||    29
Evoke: Wand              |       |     3 ||     3
  Use: Scroll            |     4 |     4 ||     8
       Potion            |     3 |     1 ||     4
 Stab: Sleeping          |     6 |     2 ||     8
  Eat: Chunk             |     2 |     1 ||     3
       Ration            |       |     1 ||     1
Armor: Skin              |     9 |     5 ||    14
Dodge: Dodged            |    70 |    89 ||   159

Table legend:
 A = Non-vault XP
 B = Vault XP
 C = Vault XP percentage of total XP
 D = Non-vault monster count
 E = Vault monster count
 F = Vault count percentage of total count
                 A         B        C        D         E       F
            +---------+---------+-------+---------+---------+-------
      Total |     206 |      41 |  16.6 |      56 |       4 |   6.7
            +---------+---------+-------+---------+---------+-------
        D:1 |      49 |       5 |   9.3 |      27 |       3 |  10.0
        D:2 |     103 |       0 |   0.0 |      23 |       0 |   0.0
        D:3 |      54 |      36 |  40.0 |       6 |       1 |  14.3
            +---------+---------+-------+---------+---------+-------
